 Dungeon Crawl Stone Soup version 0.17.1-3-g152610e (webtiles) character file.

70 Goblin1989 the Sneak (level 4, -1/23 HPs)
             Began as a Vine Stalker Assassin on Mar 28, 2016.
             Slain by a gnoll
             ... wielding a +0 spear
              (4 damage)
             ... on level 3 of the Dungeon.
             The game lasted 00:10:51 (928 turns).

Goblin1989 the Sneak (Vine Stalker Assassin)         Turns: 928, Time: 00:10:51

Health: -1/23      AC:  4    Str: 14    XL:     4   Next: 21%
Magic:  0/5        EV: 11    Int: 11    God:    Xom [....*.]
Gold:   62         SH:  0    Dex: 16    Spells: 0 memorised, 3 levels left

rFire  . . .     SeeInvis .     a - +2 dagger
rCold  . . .     Clarity  .     s - +0 robe
rNeg   . . .     SustAt   .     (no shield)
rPois  .         Gourm    .     (no helmet)
rElec  .         Spirit   +     d - +0 cloak
rCorr  .         Warding  .     q - +0 pair of gloves
rMut   .         Stasis   .     (no boots)
MR     .....                    (no amulet)
Stlth  +++.......               (no ring)
                                (no ring)

@: not resistant to hostile enchantments, fairly stealthy
A: fangs 2, regeneration 1, magic shield, antimagic bite, no device heal 3, rot
immunity
a: Renounce Religion


You were on level 3 of the Dungeon.
You worshipped Xom.
You were a beloved toy of Xom.
You were not hungry.

You visited 1 branch of the dungeon, and saw 3 of its levels.

You collected 62 gold pieces.

Inventory:

Hand Weapons
 a - a +2 dagger (weapon)
 b - a +0 blowgun
 o - a +0 hunting sling
Missiles
 e - 8 poisoned needles
 f - 2 curare-tipped needles
 i - 5 javelins (quivered)
 j - 82 stones
Armour
 d - a +0 cloak (worn)
 p - a +2 leather armour of fire resistance
 q - a +0 pair of gloves (worn)
 s - a +0 robe (worn)
Potions
 h - a potion of cancellation {unknown}
 k - a potion of lignification {unknown}
 l - a potion of ambrosia {unknown}
 n - a potion of brilliance {unknown}
Comestibles
 c - 2 chunks of flesh
 g - 2 bread rations
 r - a meat ration


   Skills:
 - Level 1.7 Fighting
 * Level 3.4 Short Blades
 - Level 1.7 Throwing
 - Level 0.7 Dodging
 + Level 5.5 Stealth


You had 3 spell levels left.
You didn't know any spells.

Dungeon Overview and Level Annotations

Branches:
Dungeon (3/15)

Altars:
Xom


Innate Abilities, Weirdness & Mutations

You have extremely sharp teeth.
Your natural rate of healing is unusually fast.
When hurt, damage is shared between your health and your magic reserves.
Your bite disrupts and absorbs the magic of your enemies.
Potions and wands cannot restore your health.
You are immune to rotting.


Message History

The gnoll closely misses you.
You hit the gnoll. You bite the gnoll. You drain its power.
You feel invigorated.
The gnoll is severely wounded.
The gnoll hits you but does no damage.
You hit the gnoll.
The gnoll is severely wounded.
The gnoll completely misses you.
The gnoll shouts!
You hit the gnoll.
You kill the gnoll!
You hear a shout! x2
The gnoll hits you from afar with a spear!
A gnoll comes into view.
You see here a whip.
The gnoll hits you from afar with a spear!
* * * LOW HITPOINT WARNING * * *
The gnoll hits you from afar with a spear.
You die...
Xom laughs nastily!

..# g# ###.# .#
#<..#g.# . #.#.#.##
.. #....$.# .# .
###g#.......# ...
#g# ##..(>#
....^###.####..####
#.....@.).g.......
#. ..
....####†####..###.
#. . . #... .# #. .
####.. .. .#. ## .#
..# # #.# #.# #<#


You could see 3 gnolls.

Vanquished Creatures
  2 adders (D:2)
  2 gnolls
  2 giant geckos
  2 ball pythons
  3 bats (D:2)
  A giant cockroach (D:2)
  5 hobgoblins
  3 kobolds
  A giant newt (D:2)
  5 goblins (D:2)
  4 rats
30 creatures vanquished.

Notes
Turn   | Place    | Note
--------------------------------------------------------------
     0 | D:1      | Goblin1989 the Vine Stalker Assassin began the quest for the Orb.
     0 | D:1      | Reached XP level 1. HP: 11/11 MP: 2/2
   166 | D:2      | Found a shimmering altar of Xom.
   190 | D:2      | Became a worshipper of Xom of Chaos
   307 | D:2      | Reached XP level 2. HP: 15/15 MP: 3/3
   411 | D:1      | XOM: harmless Ice miscast
   420 | D:1      | Reached skill level 5 in Stealth
   482 | D:1      | Reached XP level 3. HP: 8/18 MP: 2/4
   635 | D:2      | XOM: colour smoke trail
   855 | D:2      | XOM: god gift: dagger {god gift}
   860 | D:2      | XOM: polymorph rat -> giant gecko
   878 | D:2      | Reached XP level 4. HP: 11/23 MP: 5/5
   928 | D:3      | Slain by a gnoll

Action                   |  1- 3 |  4- 6 || total
-------------------------+-------+-------++-------
Melee: Dagger            |    71 |    12 ||    83
  Use: Scroll            |     2 |       ||     2
 Stab: Sleeping          |    11 |     2 ||    13
